 Dungeon Crawl Stone Soup version 0.26-a0-612-gd4d190f45e (webtiles) character file.

Game seed: 11734347337508648758

80 Peloso the Shield-Bearer (level 4, -5/35 HPs)
             Began as a Demonspawn Fighter on Sept 10, 2020.
             Killed by nerve-wracking pain
             ... invoked by Jessica
              (7 damage)
             ... on level 2 of the Dungeon.
             The game lasted 00:03:25 (1161 turns).

Peloso the Shield-Bearer (Demonspawn Fighter)       Turns: 1161, Time: 00:03:25

Health: -5/35      AC: 14    Str: 18    XL:     4   Next: 18%
Magic:  4/4        EV:  3    Int:  9    God:
Gold:   62         SH:  9    Dex: 12    Spells: 3/3 levels left

rFire    . . .     SeeInvis .   a - +0 long sword
rCold    . . .     Faith    .   c - +0 kite shield
rNeg     . . .     Spirit   .   h - +0 plate armour
rPois    .         Reflect  .   d - +0 helmet
rElec    .         Harm     .   (no cloak)
rCorr    .                      (no gloves)
MR       .....                  (no boots)
Stlth    ..........             (no amulet)
HPRegen  0.11/turn              (no ring)
MPRegen  0.09/turn              (no ring)

@: slowed, very slow
A: icy blue scales 1, rot immunity
a: no special abilities


You were on level 2 of the Dungeon.
You visited 1 branch of the dungeon, and saw 2 of its levels.

You collected 62 gold pieces.

Inventory:

Hand Weapons
 a - a +0 long sword (weapon)
Missiles
 e - 52 bolts
Armour
 b - a +0 scale mail
 c - a +0 kite shield (worn)
 d - a +0 helmet (worn)
 h - a +0 plate armour (worn)
Scrolls
 f - a scroll of fog {unknown}
 g - a scroll of amnesia {unknown}
 i - 2 scrolls of identify {unknown}
 j - a scroll of blinking {unknown}
 k - a scroll of enchant weapon {unknown}


   Skills:
 + Level 3.2 Fighting
 + Level 3.0 Long Blades
 + Level 3.0 Armour
 + Level 3.3 Shields


You had 3 spell levels left.
You didn't know any spells.
Your spell library was empty.

Dungeon Overview and Level Annotations

Branches:
Dungeon (2/15)

Altars:
The Shining One

Annotations:
D:2 Jessica


Innate Abilities, Weirdness & Mutations

You are partially covered in icy blue scales. (AC +2)
You are immune to rotting.


Message History

Jessica blinks!
Jessica hits you but does no damage.
You closely miss Jessica. Jessica gestures at you while chanting.
Pain shoots through your body!
* * * LOW HITPOINT WARNING * * *
Jessica hits you but does no damage.
You hit Jessica.
Jessica is severely wounded.
Jessica hits you but does no damage.
Jessica shouts, "You're disturbing me!
I'll have to kill you!" Jessica gestures at you while chanting.
Pain shoots through your body!
* * * LOW HITPOINT WARNING * * *
Unknown command.
You closely miss Jessica.
Jessica is severely wounded.
Jessica gestures at you while chanting. Pain shoots through your body!
You die...

#..#.##.......######.#.#
#.......####'#.......#..
##...##.####.#.#########
#....#.##..............
#...##.##.#.#.#........
#.......######...######
#.†###..# ##.## #.5#
#..# #.# #..# #@.# #.#
#..# #@.# #.# . ####..#
#..# #.# #. #.....# #...
... #.. #.....# #....
.⌠. #... #.....# #...##
... #.... #.....# #..##
#.....##.....# ####
#..[......#


You could see Jessica.

Vanquished Creatures
  Natasha (D:2)
  2 adders (D:2)
  5 leopard geckos (D:1)
  2 giant cockroaches (D:2)
  6 goblins
  3 hobgoblins (D:1)
  5 kobolds
  6 bats
  2 frilled lizards
  4 rats
36 creatures vanquished.

Notes
Turn   | Place    | Note
-------+----------+-------------------------------------------
     0 | D:1      | Peloso the Demonspawn Fighter began the quest for the Orb.
     0 | D:1      | Reached XP level 1. HP: 18/18 MP: 1/1
   142 | D:1      | Gained mutation: You are immune to rotting. [demonic
                  | ancestry]
   142 | D:1      | Reached XP level 2. HP: 24/24 MP: 2/2
   707 | D:1      | Reached XP level 3. HP: 29/29 MP: 3/3
   837 | D:2      | Found a glowing golden altar of the Shining One.
  1125 | D:2      | Noticed Natasha
  1126 | D:2      | Noticed Jessica
  1154 | D:2      | Killed Natasha
  1154 | D:2      | Gained mutation: You are partially covered in icy blue
                  | scales. (AC +2) [demonic ancestry]
  1154 | D:2      | Reached XP level 4. HP: 16/35 MP: 4/4
  1161 | D:2      | Killed from afar by Jessica

Illustrated notes

Levels and vault maps discovered:
D:1:      dpeg_arrival_shelter, layout_rooms, minmay_splitting_lines
D:2:      layout_basic, nicolae_overflow_crystal_walls,
          grunt_temple_overflow_cloverleaf, kennysheep_pointless_box,
          uniq_jessica, uniq_terence, uniq_natasha

Skill      XL: |  1  2  3 |
---------------+----------+-----
Shields        | 3 |  3.3
Long Blades    | 2 3 |  3.0
Armour         | 3 |  3.0
Fighting       | |  3.2

Action                   |  1- 3 |  4- 6 || total
-------------------------+-------+-------++-------
Melee: Long sword        |   147 |     3 ||   150
  Use: Potion            |     3 |       ||     3
Armor: Plate armour      |   177 |     2 ||   179
       Scale mail        |     1 |       ||     1
Dodge: Dodged            |    17 |       ||    17
Block: Kite shield       |   114 |     1 ||   115
       Rpst.: Long sword |     5 |       ||     5

Table legend: (Time is in decaauts)
 A = Elapsed time spent in this place.
 B = Non-inter-level travel time spent in this place.
 C = Inter-level travel time spent in this place.
 D = Time resting spent in this place.
 E = Time spent auto-exploring this place.
 F = Levels seen in this place.
 G = Mean time per level.
                   A        B        C        D        E       F      G
               +--------+--------+--------+--------+--------+-----+--------+
         Total |   1221 |   1190 |     31 |      0 |    748 |   2 |  610.5 |
       Dungeon |   1221 |   1190 |     31 |      0 |    748 |   2 |  610.5 |
               +--------+--------+--------+--------+--------+-----+--------+

Top non-repeatable levels by time:
     D:1: 860 daAuts
     D:2: 361 daAuts
